 Dungeon Crawl Stone Soup version 0.28-a0-390-gb254ac4902 (webtiles) character file.

Game seed: 1757752312964745243

131 Archison the Sneak (level 4, -6/21 HPs)
             Began as a Spriggan Enchanter on Sept 3, 2021.
             Mangled by a gnoll (11 damage)
             ... on level 3 of the Dungeon.
             The game lasted 00:10:46 (4134 turns).

Archison the Sneak (Spriggan Enchanter)             Turns: 4134, Time: 00:10:47

Health: -6/21      AC:  2    Str:  4    XL:     4   Next: 91%
Magic:  5/9        EV: 18    Int: 17    God:
Gold:   152        SH:  0    Dex: 15    Spells: 0/8 levels left

rFire   . . .      SeeInvis +   a - +1 dagger
rCold   . . .      Faith    .   (shield restricted)
rNeg    . . .      Spirit   .   b - +0 robe
rPois   .          Reflect  .   (helmet restricted)
rElec   .          Harm     .   (no cloak)
rCorr   .          Rampage  .   (gloves unavailable)
Will    .....                   (boots unavailable)
Stlth   +++.......              (no amulet)
HPRegen 0.07/turn               (no ring)
MPRegen 0.11/turn               (no ring)

@: very quick
A: very small, no large weapons, unfitting armour, see invisible, speed 3
a: no special abilities


You were on level 3 of the Dungeon.
You visited 1 branch of the dungeon, and saw 3 of its levels.

You collected 152 gold pieces.

Inventory:

Hand Weapons
 a - a +1 dagger (weapon)
Armour
 b - a +0 robe (worn)
Potions
 c - a potion of invisibility
 d - a potion of berserk rage {unknown}
 e - a potion of flight {unknown}
 f - a potion of cancellation {unknown}
 g - a potion of degeneration {unknown}
 h - 2 potions of curing {unknown}


   Skills:
 - Level 1.1 Short Blades
 * Level 3.4 Dodging
 * Level 6.5 Stealth
 - Level 2.9 Spellcasting
 * Level 4.8 Hexes
 + Level 1.0 Ice Magic


You couldn't memorise any spells.
You knew the following spells:

 Your Spells              Type           Power      Damage    Failure   Level
a - Ensorcelled Hibernat  Hex/Ice        24%        N/A       8%          2
b - Confusing Touch       Hex            18%        N/A       8%          3
c - Tukima's Dance        Hex            18%        N/A       8%          3

Your spell library contained the following spells:

 Spells                   Type           Power      Damage    Failure   Level
 Slow                     Hex            18%        N/A       3%          2
 Pain                     Necr           8%         1d4       19%         1
 Dazzling Flash           Conj/Hex       20%        N/A       21%         3
 Vampiric Draining        Necr           1%         2d6       47%         3
 Agony                    Necr           2%         N/A       99%         5
 Excruciating Wounds      Necr           1%         N/A       99%         5


Dungeon Overview and Level Annotations

Branches:
Dungeon (3/15)

Altars:

Shops:
D:2 [


Innate Abilities, Weirdness & Mutations

You are very small and have problems with some larger weapons.
You are too small for most types of armour.
You have supernaturally acute eyesight. (SInv)
You cover ground extremely quickly. (Speed+++)


Message History

Aiming: Ensorcelled Hibernation (safe; 8% risk of failure)
Press: ? - help, Shift-Dir - straight line, f - gnoll
Aim: a gnoll, wielding a +0 flail (chance to affect: 51%)
The gnoll resists with some effort.
The gnoll misses you. The gnoll completely misses you.
Casting: Ensorcelled Hibernation (safe; 8% risk of failure)
Confirm with . or Enter, or press ? or * to list all spells.
Aiming: Ensorcelled Hibernation (safe; 8% risk of failure)
Press: ? - help, Shift-Dir - straight line, f - gnoll, p - gnoll
Aim: a gnoll, wielding a +0 spear (wandering, hasn't noticed you, chance to affect: 51%)
The gnoll shouts!
The gnoll looks drowsy...
The gnoll shouts!
The gnoll completely misses you. The gnoll closely misses you.
The gnoll misses you.
The gnoll shouts!
Things that are here:
a +0 chain mail; a +0 short sword You hit the gnoll but do no damage.
The gnoll hits you with a +0 spear. The gnoll completely misses you.
Casting: Ensorcelled Hibernation (safe; 8% risk of failure)
Confirm with . or Enter, or press ? or * to list all spells.
Aiming: Ensorcelled Hibernation (safe; 8% risk of failure)
Press: ? - help, Shift-Dir - straight line, f - you, p - gnoll
Okay, then.
You closely miss the gnoll. The gnoll hits you with a +0 spear!
You barely miss the gnoll. The gnoll barely misses you.
The gnoll misses you. x2
The gnoll hits you with a +0 club.
* * * LOW HITPOINT WARNING * * *
Unknown command.
Casting: Ensorcelled Hibernation (safe; 8% risk of failure)
Confirm with . or Enter, or press ? or * to list all spells.
The spell is quite dangerous to cast (8% risk of failure)!
Continue anyway? [Y]es or [N]o only, please.
The spell is quite dangerous to cast (8% risk of failure)!
Continue anyway?
Okay, then.
You barely miss the gnoll. The gnoll closely misses you.
The gnoll hits you with a +0 flail!
Ouch! That really hurt!
You die...

........####.#.....#.#....#......
....#.#.#.........##.#....#..##).
........#....##.###....##.#..##..
#...#.#.#....##.###[#..[#........
................##......#..#.#...
##.##.####.#######.#.#..........^
##.##.####.# ##....#.....#.#..#
#..##.##...# #g..##...(.......#
#.###)##.#######@#.#......g.[#...
#.##..........#gg#.#...........##
.....#........g.#(...............
.....#........###.#..............
.................................
....#..........gg...##..........g
##.#..........#..############....
#...##.#######..# ########......
##..............###......#.##.##


You could see 4 gnolls.

Vanquished Creatures
  A hound (D:3)
  2 adders
  A worm (D:2)
  A dart slug (D:1)
  8 orcs (D:3)
  8 ball pythons
  9 endoplasms
  3 giant cockroaches
  9 goblins
  3 hobgoblins
  4 jackals (D:2)
  5 kobolds
  3 quokkas (D:1)
  2 bats (D:3)
  2 frilled lizards (D:2)
  2 rats
63 creatures vanquished.

Vanquished Creatures (others)
  A demonic plant (D:1)
1 creature vanquished.

Grand Total: 64 creatures vanquished

Notes
Turn   | Place    | Note
-------+----------+-------------------------------------------
     0 | D:1      | Archison the Spriggan Enchanter began the quest for the
                  | Orb.
     0 | D:1      | Reached XP level 1. HP: 9/9 MP: 5/5
   683 | D:1      | Reached XP level 2. HP: 4/13 MP: 6/6
   686 | D:1      | Learned a level 2 spell: Ensorcelled Hibernation
  1489 | D:1      | Reached skill level 5 in Stealth
  1565 | D:1      | Found a faded altar of an unknown god.
  1759 | D:2      | Reached XP level 3. HP: 16/16 MP: 0/8
  1853 | D:2      | Found Siah's Armour Boutique.
  2908 | D:3      | Reached skill level 6 in Stealth
  2908 | D:3      | Reached XP level 4. HP: 17/21 MP: 2/9
  3101 | D:2      | Learned a level 3 spell: Confusing Touch
  3105 | D:2      | Learned a level 3 spell: Tukima's Dance
  3347 | D:3      | Reached skill level 1 in Ice Magic
  4134 | D:3      | Mangled by a gnoll

Illustrated notes

Levels and vault maps discovered:
D:1:      amcnicky_arrival_flooded_fountain, layout_loops_ring,
          dreamdust_ecumenical_altar_sealed_demon, minmay_pentomino_x4
D:2:      layout_basic, serial_shops, shop_fountains, minmay_liquid_box,
          ebering_dispersal_statue_hall
D:3:      layout_rooms, nicolae_overflow_hidden_temple, serial_glass,
          glass_columns_a, glass_columns_a, glass_columns_a, glass_columns_b,
          glass_columns_a, glass_columns_c, serial_shops, nicolae_lakefront_shop

Skill      XL: |  1  2  3  4 |
---------------+-------------+-----
Hexes          | 4 |  4.8
Stealth        | 5 6 |  6.5
Dodging        | 3 |  3.4
Ice Magic      | 1 |  1.0
Short Blades   | |  1.1
Spellcasting   | |  2.9

Action                   |  1- 3 |  4- 6 || total
-------------------------+-------+-------++-------
Melee: Dagger            |   102 |    52 ||   154
 Cast: Ensorcelled Hiber |    42 |    31 ||    73
 Stab: Sleeping          |    35 |    13 ||    48
Armor: Robe              |    11 |     7 ||    18
Dodge: Dodged            |    66 |    56 ||   122

Table legend: (Time is in decaauts)
 A = Elapsed time spent in this place.
 B = Non-inter-level travel time spent in this place.
 C = Inter-level travel time spent in this place.
 D = Time resting spent in this place.
 E = Time spent auto-exploring this place.
 F = Levels seen in this place.
 G = Mean time per level.
                   A        B        C        D        E       F      G
               +--------+--------+--------+--------+--------+-----+--------+
         Total |   3325 |   3289 |     36 |    965 |   1490 |   3 | 1108.3 |
       Dungeon |   3325 |   3289 |     36 |    965 |   1490 |   3 | 1108.3 |
               +--------+--------+--------+--------+--------+-----+--------+

Top non-repeatable levels by time:
     D:1: 1480 daAuts
     D:2: 1135 daAuts
     D:3: 709 daAuts
